 Dungeon Crawl Stone Soup version 0.29-a0-824-gd827844252 (webtiles) character file.

Game seed: 1582427686299089685

428 avis the Chiller (level 6, -3/51 HPs)
             Began as a Demigod Ice Elementalist on July 10, 2022.
             Slain by a mummy (12 damage)
             ... in an ossuary.
             The game lasted 00:22:44 (4923 turns).

avis the Chiller (Demigod Ice Elementalist)         Turns: 4923, Time: 00:22:45

Health: -3/51      AC: 10    Str:  9    XL:     6   Next: 38%
Magic:  13/13      EV: 13    Int: 17    God:
Gold:   153        SH:  0    Dex: 22    Spells: 7/11 levels left

rFire   . . .      SeeInvis .   a - +0 dagger
rCold   . . .      Faith    .   (no shield)
rNeg    . . .      Spirit   .   l - +0 robe
rPois   .          Reflect  .   c - +0 helmet
rElec   .          Harm     .   (no cloak)
rCorr   .          Rampage  .   w - +0 pair of gloves
Will    .....                   (no boots)
Stlth   ++........              k - amulet of magic regeneration
HPRegen 0.17/turn               (no ring)
MPRegen 0.53/turn               (no ring)

@: ice-armoured (expiring)
A: high MP 1, forlorn, divine attributes
a: no special abilities


You were in an ossuary.
You visited 1 branch of the dungeon, and saw 4 of its levels.
You also visited: Ossuary.

You collected 153 gold pieces.

Inventory:

Hand Weapons
 a - a +0 dagger (weapon)
 b - a +0 sling
 q - the +4 long sword "Concordance" {antimagic, rF+}
   (You found it on level 3 of the Dungeon)

   It reduces the magical energy of the wielder, and disrupts the spells and
   magical abilities of those it strikes.
   Natural abilities and divine invocations are not affected.
   rF:        It protects you from fire.
Missiles
 v - 3 boomerangs
Armour
 c - a +0 helmet (worn)
 l - a +0 robe (worn)
 w - a +0 pair of gloves (worn)
Jewellery
 k - an amulet of magic regeneration (around neck)
Wands
 o - a wand of paralysis (6)
Scrolls
 d - a scroll of identify
 e - a scroll of torment {unknown}
 f - 2 scrolls of fog {unknown}
 j - a scroll of magic mapping {unknown}
 p - 3 scrolls of amnesia {unknown}
 s - a scroll of enchant weapon {unknown}
 u - 2 scrolls of immolation {unknown}
Potions
 g - 2 potions of heal wounds
 h - 2 potions of attraction
 i - a potion of berserk rage
 m - 2 potions of magic
 n - 2 potions of might
 r - 2 potions of invisibility
 x - a potion of resistance


   Skills:
 - Level 3.0 Fighting
 - Level 2.0 Ranged Weapons
 - Level 2.0 Armour
 - Level 2.0 Dodging
 - Level 2.0 Stealth
 - Level 3.0 Spellcasting
 * Level 4.8 Ice Magic


You had 7 spell levels left.
You knew the following spells:

 Your Spells              Type           Power      Damage    Failure   Level
a - Freeze                Ice            76%        1d9       2%          1
o - Ozocubu's Armour      Ice            19%        N/A       7%          3

Your spell library contained the following spells:

 Spells                   Type           Power      Damage    Failure   Level
 Frozen Ramparts          Ice            38%        1d5       7%          3
 Apportation              Tloc           4%         N/A       17%         1
 Necrotise                Necr           8%         1d4       17%         1
 Summon Small Mammal      Summ           8%         N/A       17%         1
 Hailstorm                Conj/Ice       10%        3d5       54%         4


Dungeon Overview and Level Annotations

Branches:
Dungeon (4/15)            Ossuary (1/1)
 Temple: D:4-7


Innate Abilities, Weirdness & Mutations

You have an increased reservoir of magic. (+10% MP)
You shall have no god before yourself.
Your divine heritage dramatically boosts your attributes as you level up.


Message History

The human zombie is severely damaged.
The human zombie barely misses you.
You hit the human zombie.
The human zombie is severely damaged.
The human zombie misses you.
You hit the human zombie.
The human zombie is severely damaged.
The human zombie barely misses you.
You hit the human zombie.
The human zombie is severely damaged.
The human zombie completely misses you.
You barely miss the human zombie.
The human zombie is severely damaged.
You closely miss the human zombie.
The human zombie is severely damaged.
The human zombie hits you.
* * * LOW HITPOINT WARNING * * *
You hit the human zombie.
The human zombie is severely damaged.
You barely miss the mummy. You hit the mummy but do no damage.
You hit the mummy.
The mummy is lightly damaged.
The mummy completely misses you.
You closely miss the mummy.
The mummy is lightly damaged.
You hit the mummy.
The mummy is moderately damaged.
The mummy barely misses you.
You hit the mummy.
The mummy is moderately damaged.
Your icy armour starts to melt.
The mummy hits you.
* * * LOW HITPOINT WARNING * * *
You hit the mummy but do no damage.
The mummy is moderately damaged.
You hit the mummy but do no damage.
The mummy is moderately damaged.
The mummy hits you!
You die...

#####################
#?!.#...#.....#.....#
+...#...'.....#.....#
#!!M#.@.#.....8.....#
######M##...........#
.Z.#...........#
#...###8.....8###
#...#...........#
##'##...........#
...#.....8.....#
...#.....#.....#
#.....#.....#


You could see 2 mummies and a human zombie.

Vanquished Creatures
  2 scorpions (Ossuary)
  A centaur zombie (Ossuary)
  An orc priest (D:2)
  Jessica (D:2)
  2 iguanas
  A scorpion zombie (Ossuary)
  A mummy (Ossuary)
  7 adders
  A worm (D:2)
  3 dart slugs
  6 orcs
  2 ball pythons
  2 bats
  4 endoplasms
  A giant cockroach (D:1)
  A gnoll zombie (Ossuary)
  A goblin (D:1)
  9 hobgoblins
  4 jackals (D:1)
  A kobold (D:2)
  A quokka (D:1)
  2 frilled lizards (D:3)
  2 goblin zombies (Ossuary)
  3 hobgoblin zombies (Ossuary)
  4 kobold zombies (Ossuary)
  2 orc zombies (Ossuary)
  7 rats
72 creatures vanquished.

Notes
Turn   | Place    | Note
-------+----------+-------------------------------------------
     0 | D:1      | avis the Demigod Ice Elementalist began the quest for the
                  | Orb.
     0 | D:1      | Reached XP level 1. HP: 14/14 MP: 5/5
   266 | D:1      | Reached skill level 1 in Fighting
   598 | D:1      | Reached XP level 2. HP: 23/23 MP: 4/7
  1346 | D:2      | Noticed Jessica
  1353 | D:2      | Killed Jessica
  1354 | D:2      | Reached skill level 4 in Ice Magic
  1354 | D:2      | Reached XP level 3. HP: 22/29 MP: 5/8
  1570 | D:1      | Learned a level 3 spell: Ozocubu's Armour
  1870 | D:2      | Reached skill level 1 in Armour
  2001 | D:2      | Reached XP level 4. HP: 36/36 MP: 7/9
  2736 | D:2      | Reached skill level 1 in Ranged Weapons
  3005 | D:2      | Reached XP level 5. HP: 14/42 MP: 4/10
  3393 | D:3      | Identified the +4 long sword "Concordance" {antimagic, rF+}
  4098 | D:4      | Found a sand-covered staircase.
  4111 | Ossuary  | Entered an ossuary
  4297 | Ossuary  | Reached XP level 6. HP: 30/51 MP: 13/13
  4923 | Ossuary  | Slain by a mummy

Illustrated notes

Levels and vault maps discovered:
D:1:      evilmike_arrival_rings, layout_basic
D:2:      layout_rooms, dreamdust_ecumenical_altar_angels_and_demons,
          grunt_decor_arrowhead, minmay_misc_feat_pillars, uniq_jessica
D:3:      minmay_wonky_spiral, layout_rooms
D:4:      layout_loops_corners, nicolae_tso_carved_into_rock,
          nicolae_ossuary_entry_plus, uniq_blork_the_orc, uniq_eustachio
Ossuary:  ossuary_minmay_scorpions

Skill      XL: |  1  2  3  4  5 |
---------------+----------------+-----
Fighting       | 1 2 3 |  3.0
Spellcasting   | 2 3 |  3.0
Ice Magic      | 4 |  4.8
Stealth        | 2 |  2.0
Dodging        | 2 |  2.0
Armour         | 1 2 |  2.0
Ranged Weapons | 2 |  2.0

Action                   |  1- 3 |  4- 6 || total
-------------------------+-------+-------++-------
Melee: Dagger            |     4 |    99 ||   103
       Punch             |       |     1 ||     1
 Fire: Sling             |       |   120 ||   120
 Cast: Freeze            |    48 |    53 ||   101
       Ozocubu's Armour  |       |    17 ||    17
  Use: Scroll            |       |     7 ||     7
       Potion            |       |     1 ||     1
 Stab: Sleeping          |     2 |       ||     2
       Distracted        |     1 |       ||     1
Armor: Robe              |     9 |    79 ||    88
Dodge: Dodged            |    17 |   149 ||   166

Table legend: (Time is in decaauts)
 A = Elapsed time spent in this place.
 B = Non-inter-level travel time spent in this place.
 C = Inter-level travel time spent in this place.
 D = Time resting spent in this place.
 E = Time spent auto-exploring this place.
 F = Levels seen in this place.
 G = Mean time per level.
                   A        B        C        D        E       F      G
               +--------+--------+--------+--------+--------+-----+--------+
         Total |   4973 |   4732 |    241 |   2372 |   1101 |   5 |  994.6 |
       Dungeon |   4139 |   3898 |    241 |   1875 |   1101 |   4 | 1034.8 |
       Ossuary |    833 |    833 |      0 |    497 |      0 |   1 |  833.0 |
               +--------+--------+--------+--------+--------+-----+--------+

Top non-repeatable levels by time:
     D:2: 1726 daAuts
     D:1: 1572 daAuts
 Ossuary: 833 daAuts
     D:3: 816 daAuts
     D:4: 23 daAuts
